 Dungeon Crawl Stone Soup version 0.19.1 (console) character file.

873 Kloppie the Skirmisher (level 7, -3/90 HPs)
             Began as a Demonspawn Berserker on Dec 16, 2016.
             Was a Priest of Trog.
             Slain by an orc warrior
             ... wielding a +1 halberd of chopping
              (18 damage)
             ... on level 6 of the Dungeon.
             The game lasted 00:05:37 (3967 turns).

Kloppie the Skirmisher (Demonspawn Berserker)       Turns: 3967, Time: 00:05:38

Health: -3/90      AC:  6    Str: 23      XL:     7   Next: 74%
Magic:  7/7        EV: 11    Int:  8      God:    Trog [***...]
Gold:   287        SH:  0    Dex: 11 (14) Spells: 0 memorised, 6 levels left

rFire  + . .     SeeInvis .     a - +0 falchion
rCold  . . .     Gourm    +     f - +0 ring mail
rNeg   . . .     Faith    .     (no shield)
rPois  .         Spirit   .     (no helmet)
rElec  .         Reflect  .     (no cloak)
rCorr  +         Harm     .     q - +0 pair of gloves
MR     .....                    (no boots)
Stlth  ..........               n - amulet of the gourmand
                                r - ring of protection from fire
                                p - ring of resist corrosion

@: berserking, very quick
A: claws 1, fangs 1, mutation resistance 1, spiny 1
a: Berserk, Trog's Hand, Burn Spellbooks, Renounce Religion


You were on level 6 of the Dungeon.
You worshipped Trog.
Trog was most pleased with you.
You were very full.

You visited 1 branch of the dungeon, and saw 6 of its levels.

You collected 287 gold pieces.

Inventory:

Hand Weapons
 a - a +0 falchion (weapon)
Armour
 f - a +0 ring mail (worn)
 q - a +0 pair of gloves (worn)
Jewellery
 n - an amulet of the gourmand (around neck)
 p - a ring of resist corrosion (left hand)
 r - a ring of protection from fire (right hand)
Scrolls
 e - 3 scrolls of identify {unknown}
 g - 5 scrolls of remove curse {unknown}
 h - a scroll of teleportation {unknown}
 i - 2 scrolls of fear {unknown}
 j - 3 scrolls of magic mapping {unknown}
 k - a scroll of noise {unknown}
 m - a scroll of random uselessness {unknown}
 o - 2 scrolls of recharging {unknown}
 u - a scroll of immolation {unknown}
 v - a scroll of enchant armour {unknown}
Potions
 d - 5 potions of curing
 s - a potion of flight
Comestibles
 b - 2 meat rations
 c - 4 bread rations
 l - 3 beef jerkies
 t - 3 fruits
 w - 4 chunks of flesh


   Skills:
 - Level 7.1 Fighting
 + Level 6.1 Long Blades
 - Level 1.7 Armour
 - Level 1.7 Dodging


You had 6 spell levels left.
You didn't know any spells.

Dungeon Overview and Level Annotations

Branches:
Dungeon (6/15)
 Temple: D:4-7

Altars:


Innate Abilities, Weirdness & Mutations

You have sharp fingernails.
You are partially covered in sharp spines.
You have very sharp teeth.
You are somewhat resistant to further mutation.


Message History

The leopard gecko misses you.
The orc hits you from afar with a trident!
* * * LOW HITPOINT WARNING * * *
You slash the howler monkey!
The howler monkey is almost dead.
The howler monkey hoots and howls with incredible vigour!
The leopard gecko barely misses you.
The orc warrior hits you from afar with a halberd of chopping!
* * * LOW HITPOINT WARNING * * *
x2 You hear a bark! x2
You closely miss the howler monkey.
The howler monkey is almost dead.
The howler monkey is struck by your spines.
You kill the howler monkey!
Trog accepts your kill. The orc barely misses you.
The leopard gecko bites you but does no damage.
You closely miss the leopard gecko. Your bite misses the leopard gecko.
The orc warrior hits you from afar with a halberd of chopping!!
You die...

#.# #.# #.#
#.##.. ### #.#
#.##..# ... #.#
###.##..# ....
#.# #...##..##
....+ #.#
#.####..h###....#
..# #.#
#..h..#o...# ###
#.# #....hlo...#
# #.# #....@# #
#.# ##...## #
#.####.### #
#.......# #
#####...# #
#.......#
#..........
#.......###
###...###


You could see an orc warrior, an orc, a leopard gecko and 3 jackals.

Vanquished Creatures
  An ice beast (D:5)
  A centaur (D:5)
  A scorpion (D:4)
  2 crimson imps (D:5)
  A howler monkey (D:6)
  2 orc priests (D:5)
  4 hounds
  An orc wizard (D:5)
  A centaur skeleton (D:5)
  2 iguanas
  A worker ant (D:5)
  7 gnolls
  3 adders
  2 oozes
  An adder skeleton (D:4)
  5 worms
  2 dart slugs
  3 leopard geckos
  14 orcs
  13 bats
  4 giant cockroaches
  6 hobgoblins
  5 jackals
  2 quokkas
  A ball python (D:3)
  6 frilled lizards
  9 goblins
  13 kobolds
  5 rats
118 creatures vanquished.

Notes
Turn   | Place    | Note
-------+----------+-------------------------------------------
     0 | D:1      | Kloppie the Demonspawn Berserker began the quest for the Orb.
     0 | D:1      | Reached XP level 1. HP: 18/18 MP: 1/1
   316 | D:1      | Gained mutation: You have sharp fingernails. [demonic ancestry]
   316 | D:1      | Reached XP level 2. HP: 24/24 MP: 2/2
   976 | D:1      | Gained mutation: You are partially covered in sharp spines. [demonic ancestry]
   976 | D:1      | Reached XP level 3. HP: 29/29 MP: 3/3
  1481 | D:2      | Reached ** piety under Trog
  1600 | D:2      | Reached XP level 4. HP: 30/35 MP: 4/4
  1954 | D:3      | Reached skill level 5 in Long Blades
  2231 | D:3      | Reached XP level 5. HP: 39/41 MP: 5/5
  2394 | D:3      | You fall through a shaft for 2 floors!
  2394 | D:5      | Entered Level 5 of the Dungeon
  2655 | D:4      | Reached *** piety under Trog
  2662 | D:4      | Reached skill level 4 in Fighting
  2760 | D:4      | Reached XP level 6. HP: 39/48 MP: 6/6
  3159 | D:5      | Reached skill level 5 in Fighting
  3286 | D:5      | Reached skill level 6 in Fighting
  3286 | D:5      | Reached XP level 7. HP: 44/58 MP: 7/7
  3326 | D:5      | Gained mutation: You have very sharp teeth. [potion of mutation]
  3326 | D:5      | Gained mutation: You are somewhat resistant to further mutation. [potion of mutation]
  3557 | D:5      | Reached skill level 7 in Fighting
  3967 | D:6      | Slain by an orc warrior

Skill      XL: |  1  2  3  4  5  6  7 |
---------------+----------------------+-----
Long Blades    | 3 4 5 6 |  6.1
Fighting       | 4 6 7 |  7.1
Armour         | |  1.7
Dodging        | |  1.7

Action                   |  1- 3 |  4- 6 |  7- 9 || total
-------------------------+-------+-------+-------++-------
Melee: Falchion          |   123 |   134 |    63 ||   320
       Bite              |       |       |     4 ||     4
Invok: Berserk           |     4 |     4 |     3 ||    11
  Use: Potion            |       |     4 |     4 ||     8
  Eat: Chunk             |     6 |    11 |    12 ||    29
Armor: Animal skin       |    10 |       |       ||    10
       Ring mail         |    26 |    45 |    22 ||    93
       Skin              |       |    12 |       ||    12
Dodge: Dodged            |    80 |    68 |    29 ||   177
       Rpst.: Falchion   |    29 |    22 |    10 ||    61
